 Dungeon Crawl Stone Soup version 0.30-a0-364-gf6b3ef1049 (webtiles) character file.

Game seed: 17859657360944611404

77 mcwallace the Sneak (level 4, -5/21 HPs)
             Began as a Spriggan Enchanter on Nov 16, 2022.
             Slain by a hobgoblin
             ... wielding a +0 glaive
              (16 damage)
             ... on level 2 of the Dungeon.
             The game lasted 00:04:49 (1767 turns).

mcwallace the Sneak (Spriggan Enchanter)            Turns: 1767, Time: 00:04:49

Health: -5/21      AC:  2    Str:  2 (4)  XL:     4   Next: 14%
Magic:  10/10      EV: 17    Int: 14 (16) God:
Gold:   120        SH:  5    Dex: 15 (17) Spells: 7/9 levels left

rFire   + . .      SeeInvis +    h - +1 short sword (venom) {short}
rCold   . . .      Faith    .    (no shield)
rNeg    . . .      Spirit   .    b - +0 robe
rPois   .          Reflect  +    (helmet restricted)
rElec   .          Harm     .    (no cloak)
rCorr   .          Rampage  .    (gloves unavailable)
Will    .....                    (boots unavailable)
Stlth   +++.......               d - amulet of reflection
HPRegen 0.23/turn                p - ring of protection from fire
MPRegen 0.12/turn                (no ring)

@: very quick
A: very small, no large weapons, unfitting armour, see invisible, speed 3
a: no special abilities


You were on level 2 of the Dungeon.
You visited 1 branch of the dungeon, and saw 2 of its levels.

You collected 120 gold pieces.


Innate Abilities, Weirdness & Mutations

You are very small and have problems with some larger weapons.
You are too small for most types of armour.
You have supernaturally acute eyesight. (SInv)
You cover ground extremely quickly. (Speed+++)


   Skills:
 + Level 0.9 Fighting
 + Level 2.0 Short Blades
 + Level 3.3 Dodging
 + Level 5.1 Stealth
 + Level 3.4 Spellcasting
 + Level 4.1 Hexes


You had 7 spell levels left.
You knew the following spells:

 Your Spells              Type           Power      Damage    Failure   Level
a - Ensorcelled Hibernat  Hex/Ice        16%        N/A       13%         2

Your spell library contained the following spells:

 Spells                   Type           Power      Damage    Failure   Level
 Confusing Touch          Hex            14%        N/A       11%         3
 Tukima's Dance           Hex            14%        N/A       11%         3
 Dazzling Flash           Conj/Hex       16%        N/A       26%         3

Inventory:

Hand Weapons
 a - a +1 dagger {short}
 h - a +1 short sword of venom (weapon) {short}
   (You took it off a kobold on level 2 of the Dungeon)
 o - a +1 mace of distortion {!wmace}
   (You found it on level 2 of the Dungeon)
Missiles
 f - 53 stones (quivered) {throwing}
 j - 5 poisoned darts {throwing}
Armour
 b - a +0 robe (worn)
 l - a +0 robe
   (You took it off a kobold on level 2 of the Dungeon)
Jewellery
 d - an amulet of reflection (around neck)
   (You found it on level 1 of the Dungeon)
 p - a ring of protection from fire (left hand)
   (You found it on level 2 of the Dungeon)
Scrolls
 e - a scroll of fear {unknown}
 g - a scroll of brand weapon {unknown}
 i - 2 scrolls of identify {unknown}
 k - a scroll of silence {unknown}
 m - a scroll of immolation {unknown}
 n - 3 scrolls of teleportation {unknown}
 r - a scroll of enchant armour {unknown}
 s - a scroll of summoning {unknown}
Potions
 c - 2 potions of invisibility
 q - a potion of ambrosia {unknown}

Dungeon Overview and Level Annotations

Branches:
Dungeon (2/15) Zot: 10796

Altars:
Elyvilon

#..##g.#..# #.# .
#..l...#..# # #.#
#.#.....##.# .####.#
#....†###..#..##...#
##........##.# #.###
###........$# #.#
..###..†...####.#
#........###....#
#####....g@..####
##########


You could see a hobgoblin.


Message History

😮 HP[+3] MP[+2]
You now have 21 max hp (+4).
You regained 3 hp, and now have 15/21 hp.
Your mp is fully restored (10). 😕 HP[+1] 😕 HP[+1] 😕 HP[+1] 😕 HP[+1] 😕 HP[+1] 😎 HP[+1]
Your hp is fully restored (21).
A hobgoblin is nearby!
The hobgoblin shouts!
You hit the hobgoblin.
The hobgoblin is poisoned.
The hobgoblin closely misses you.
You closely miss the hobgoblin. You block the hobgoblin's attack.
You hit the hobgoblin but do no damage. The hobgoblin completely misses you.
You barely miss the hobgoblin.
There are monsters nearby!
You hit the hobgoblin.
You kill the hobgoblin!
A rat is nearby!
You hit the rat.
You kill the rat!
Key pressed, stopping explore.
No target in view!
No target in view!
No target in view!
n - 3 scrolls labelled PIRESS YLOE (gained 1) Key pressed, stopping explore.
A ball python comes into view.
A ball python is nearby!
A ball python is nearby!
A rat comes into view.
The helpless ball python fails to defend itself.
You impale the ball python!!
You kill the ball python!
You see here a ball python corpse.
A hobgoblin comes into view.
A hobgoblin comes into view.
The rat twitches its whiskers.
The rat barely misses you.
There are monsters nearby!
You hit the rat.
The hobgoblin shouts!
The rat closely misses you.
There are monsters nearby!
The hobgoblin shouts!
You hit the rat.
You kill the rat!
A hobgoblin is nearby!
A frilled lizard, a goblin and a hobgoblin come into view.
You see here a rat corpse.
There are monsters nearby!
There are monsters nearby!
The goblin shouts!
The hobgoblin shouts!
You hit the hobgoblin but do no damage.
The hobgoblin is poisoned.
The hobgoblin closely misses you. x2
You closely miss the hobgoblin. The hobgoblin misses you.
The hobgoblin completely misses you.
There are monsters nearby!
You hit the hobgoblin but do no damage.
The hobgoblin looks as sick as possible!
The hobgoblin misses you. You block the hobgoblin's attack.
The goblin hits you with a +0 dagger.
The hobgoblin barely misses you. 😕 HP[-3]
You take 3 damage, and now have 18/21 hp.
There are monsters nearby!
You hit the hobgoblin but do no damage.
The hobgoblin looks as sick as possible!
The hobgoblin hits you. The hobgoblin barely misses you.
The hobgoblin misses you. The goblin closely misses you. 😮 HP[-3]
You take 3 damage, and now have 15/21 hp.
You are too injured to fight recklessly!
There are monsters nearby!
You are too injured to fight recklessly!
You are too injured to fight recklessly!
You see here a rat corpse.
You kill the hobgoblin! 😕 HP[+1]
You see here a ball python corpse. 😕 HP[+1]
The hobgoblin closely misses you.
You barely miss the hobgoblin. 😕 HP[+1]
You hit the hobgoblin.
You kill the hobgoblin!
You hit the goblin.
You kill the goblin!
The hobgoblin hits you with a +0 glaive!
Things that are here:
a +0 dagger {short}; a goblin corpse; 😮 HP[-7]
You take 7 damage, and now have 11/21 hp.
MASSIVE DAMAGE!! (PAUSE)
You hit the hobgoblin but do no damage. The hobgoblin misses you.
You barely miss the hobgoblin.
The hobgoblin hits you with a +0 glaive!
Ouch! That really hurt!
You die...

Skill      XL: |  1  2  3 |
---------------+----------+-----
Spellcasting   | 3 |  3.4
Dodging        | 3 |  3.3
Hexes          | 4 |  4.1
Stealth        | 5 |  5.1
Short Blades   | 2 |  2.0
Fighting       | |  0.9

Action                   |  1- 3 |  4- 6 || total
-------------------------+-------+-------++-------
Melee: Dagger            |   152 |       ||   152
       Punch             |     5 |       ||     5
       Short sword       |     7 |    18 ||    25
  Use: Potion            |     3 |       ||     3
 Stab: Sleeping          |    11 |     1 ||    12
       Distracted        |     1 |       ||     1
Armor: Robe              |     4 |       ||     4
Dodge: Dodged            |    78 |    15 ||    93
Block: Other             |    25 |     2 ||    27

Levels and vault maps discovered:
D:1:      matt_arrival_los_fun, layout_rooms, serial_curves, eino_curves_02,
          eino_curves_01
D:2:      layout_basic, basic_altar, minmay_randomly_rotated_circles

Notes
Turn   | Place    | Note
-------+----------+-------------------------------------------
     0 | D:1      | mcwallace the Spriggan Enchanter began the quest for the
                  | Orb.
     0 | D:1      | Reached XP level 1. HP: 9/9 MP: 5/5
     0 | D:1      | magus.rc [v1.9.6]
   248 | D:1      | Reached XP level 2. HP: 12/13 MP: 6/6
   323 | D:1      | Learned a level 2 spell: Ensorcelled Hibernation
   419 | D:1      | HP: 3/13 [frozen (4)]
   529 | D:1      | Reached skill level 3 in Spellcasting
   681 | D:1      | Reached skill level 3 in Dodging
   843 | D:1      | Reached XP level 3. HP: 12/17 MP: 8/8
  1121 | D:2      | Reached skill level 4 in Hexes
  1260 | D:2      | Found a white marble altar of Elyvilon.
  1505 | D:2      | Reached skill level 5 in Stealth
  1630 | D:2      | Reached skill level 2 in Short Blades
  1630 | D:2      | Reached XP level 4. HP: 15/21 MP: 10/10
  1767 | D:2      | Slain by a hobgoblin

Vanquished Creatures
  2 adders (D:2)
  5 endoplasms
  A giant cockroach (D:1)
  6 goblins
  6 hobgoblins
  10 jackals
  A ball python (D:2)
  3 bats
  3 frilled lizards
  11 kobolds
  7 rats
55 creatures vanquished.

Table legend:
 A = Non-vault XP
 B = Vault XP
 C = Vault XP percentage of total XP
 D = Non-vault monster count
 E = Vault monster count
 F = Vault count percentage of total count
                 A         B        C        D         E       F
            +---------+---------+-------+---------+---------+-------
      Total |     104 |       7 |   6.3 |      51 |       4 |   7.3
            +---------+---------+-------+---------+---------+-------
        D:1 |      46 |       0 |   0.0 |      30 |       0 |   0.0
        D:2 |      58 |       7 |  10.8 |      21 |       4 |  16.0
            +---------+---------+-------+---------+---------+-------

Illustrated notes

Table legend:
 A = Kills in this place as a percentage of kills in entire the game.
 B = Kills by you in this place as a percentage of kills by you in the entire game.
 C = Kills by friends in this place as a percentage of kills by friends in the entire game.
 D = Other kills in this place as a percentage of other kills in the entire game.
 E = Experience gained in this place as a percentage of experience gained in the entire game.
 F = Experience gained in this place divided by the number of levels of this place that you have seen.
                   A       B       C       D       E      F
               +-------+-------+-------+-------+-------+----------------------
         Total | 100.0 | 100.0 |   N/A |   N/A | 100.0 |  55.5
       Dungeon | 100.0 | 100.0 |   N/A |   N/A | 100.0 |  55.5
               +-------+-------+-------+-------+-------+----------------------

Table legend: (Time is in decaauts)
 A = Elapsed time spent in this place.
 B = Non-inter-level travel time spent in this place.
 C = Inter-level travel time spent in this place.
 D = Time resting spent in this place.
 E = Time spent auto-exploring this place.
 F = Levels seen in this place.
 G = Mean time per level.
                   A        B        C        D        E       F      G
               +--------+--------+--------+--------+--------+-----+--------+
         Total |   1203 |   1181 |     22 |     22 |    592 |   2 |  601.5 |
       Dungeon |   1203 |   1181 |     22 |     22 |    592 |   2 |  601.5 |
               +--------+--------+--------+--------+--------+-----+--------+

Top non-repeatable levels by time:
     D:1: 702 daAuts
     D:2: 501 daAuts
